Map: Dead of Night

Players

MattBarry

  • Race: Protoss Protoss
  • League: Gold
  • Spawn Location: 0:00

MattBarry

  • Race: Zerg Zerg

VOD

Have the link to the VOD?

Description

Time

  • Played on: Jan. 18, 2023, 6:16 p.m.
  • Length: 16:56
Show
View Real Time Build Order
Export as new Build Order

MattBarry Protoss 

Build Orders:  

Get SALT Encoding   

  12  0:04  Probe (Chrono Boost)  
  13  0:17  Probe (Chrono Boost)  
  14  0:27  Dark Pylon  
  14  0:31  Probe (Chrono Boost)  
  14  0:35  Gateway  
  15  0:45  Probe (Chrono Boost)  
  16  0:51  Assimilator  
  16  0:58  Probe (Chrono Boost)  
  17  1:11  Gateway  
  17  1:14  Probe (Chrono Boost)  
  18  1:28  Probe (Chrono Boost)  
  19  1:41  Cybernetics Core  
  19  1:42  Centurion  
  19  1:45  Probe (Chrono Boost)  
  22  1:59  Probe (Chrono Boost)  
  23  2:03  Assimilator  
  23  2:06  Dark Pylon  
  23  2:12  Probe (Chrono Boost)  
  24  2:26  Probe (Chrono Boost)  
  24  2:28  Warp Gate  
  24  2:29  Pylon  
  25  2:30  Forge  
  25  2:39  Twilight Council  
  25  2:43  Probe (Chrono Boost)  
  26  2:55  Protoss Ground Weapons Level 1  
  27  3:00  Probe (Chrono Boost)  
  27  3:03  Assimilator  
  27  3:17  Probe (Chrono Boost)  
  28  3:41  Dark Shrine  
  28  3:42  Pylon  
  28  3:47  Centurion x2, Probe (Chrono Boost)  
  33  3:56  Gateway  
  33  3:57  Gateway  
  33  4:03  Pylon  
  33  4:08  Shadow Fury  
  33  4:09  Probe (Chrono Boost)  
  34  4:20  Centurion x2  
  39  4:32  Probe (Chrono Boost)  
  39  4:49  Probe (Chrono Boost)  
  40  5:03  Pylon  
  40  5:15  Protoss Ground Weapons Level 2  
  40  5:21  Dark Templar x4  
  48  5:44  Gateway x2  
  48  6:07  Dark Templar x3  
  54  6:15  Dark Templar  
  56  6:45  Dark Templar Blink  
  56  7:06  Dark Templar  
  56  7:07  Dark Templar  
  60  7:31  Pylon  
  60  7:40  Shadow Charge  
  60  7:48  Dark Templar  
  62  7:55  Protoss Shields Level 1  
  62  7:56  Photon Cannon  
  62  8:00  Photon Cannon  
  62  8:07  Pylon  
  62  8:09  Pylon  
  62  8:15  Dark Templar  
  62  8:16  Dark Templar x2  
  68  8:51  Dark Pylon  
  68  8:54  Dark Templar  
  68  8:55  Dark Templar  
  72  9:09  Centurion  
  74  9:10  Centurion x3  
  80  10:01  Dark Pylon  
  80  10:05  Stalker x5  
  80  10:06  Protoss Shields Level 2  
  90  10:53  Forge  
  90  11:00  Dark Templar x2  
  90  11:01  Dark Templar x2  
  98  11:27  Pylon  
  98  11:30  Pylon  
  98  11:31  Pylon  
  98  11:35  Pylon x2  
  98  11:39  Pylon  
  98  12:41  Protoss Shields Level 3  
  98  12:44  Dark Templar  
  98  12:45  Dark Templar x5  
  110  13:31  Centurion x4  
  110  13:32  Centurion x2  
  122  14:08  Pylon  
  122  14:34  Dark Templar  
  122  14:35  Dark Templar x4  
  132  14:40  Dark Templar  
  134  15:41  Dark Pylon  
  134  15:45  Dark Templar x5  
Show
View Real Time Build Order
Export as new Build Order

MattBarry Zerg 

Build Orders:  

Get SALT Encoding   

  18  0:03  Primal Drone  
  19  0:12  Primal Drone  
  19  0:18  Primal Drone  
  21  0:25  Primal Drone  
  22  0:35  Primal Drone  
  23  0:42  Extractor  
  23  0:51  Primal Drone  
  24  1:09  Primal Drone  
  25  1:21  Primal Drone  
  25  1:28  Primal Warden  
  27  1:42  Primal Drone  
  28  2:11  Primal Drone x2  
  28  2:14  Extractor  
  30  2:24  Primal Warden  
  31  2:31  Glevig's Den  
  30  2:50  Primal Drone x2  
  30  2:59  Primal Attacks Level 1  
  32  3:02  Primal Drone  
  33  3:12  Primal Warden  
  33  3:13  Primal Drone  
  35  3:23  Extractor  
  35  4:08  Primal Drone x3  
  39  4:31  Primal Warden  
  39  5:08  Primal Drone x2  
  39  5:09  Primal Drone  
  42  5:10  Primal Drone  
  43  5:45  Primal Drone  
  43  5:46  Primal Drone  
  43  5:47  Murvar's Den  
  44  6:28  Primal Drone x2  
  46  6:30  Primal Attacks Level 2  
  46  7:43  Primal Zergling x3  
  46  7:44  Primal Zergling x6  
  46  7:45  Primal Zergling x3  
  46  7:46  Primal Zergling x2  
  46  7:47  Primal Zergling x6  
  66  7:56  Primal Warden  
  67  8:07  Ravasaur  
  67  8:08  Ravasaur x4  
  67  8:09  Ravasaur x4  
  67  8:10  Ravasaur  
  67  8:58  Slicing Glave  
  67  9:06  Primal Hydralisk x13  
  93  9:58  Shifting Carapace  
  93  10:06  Primal Mutalisk x2  
  93  10:07  Primal Mutalisk x4  
  87  10:58  Primal Reconstitution  
  87  11:17  Primal Hydralisk  
  87  11:18  Primal Hydralisk x6  
  101  12:11  Primal Hydralisk  
  101  12:12  Primal Hydralisk x3  
  109  13:26  Primal Hydralisk x6  
  121  13:39  Primal Mutalisk x2  
  119  14:11  Primal Mutalisk  
  119  14:12  Primal Mutalisk x2  
Tags
 
Commander
DehakaVorazun
League
Gold
Matchup
Co-op
Replay Pack
Multiplayer
Add a new tag
Caveats
  • Supply blocks, unpowered buildings, or Contaminate may cause inaccurate times.
  • Supply counts are checked every 10 seconds.